[Event "Early-Titled-Tuesday-Blitz-February-13-2024"]
[Site "Chess.com"]
[Date "2024.02.13"]
[Round "11"]
[White "martinmena"]
[Black "EvgenyBurmakin"]
[Result "1-0"]
[WhiteElo "2148"]
[BlackElo "2346"]
[TimeControl "180+1"]
[EndTime "10:10:43 PST"]
[Termination "martinmena won on time"]

1. c4 b6 2. Nf3 Bb7 3. Nc3 e6 4. e4 c5 5. g3 Be7 6. d4 cxd4 7. Nxd4 Nf6 8. Bg2 O-O 9. O-O Qc8 10. e5 Ne8 11.
Bxb7 Qxb7 12. f4 d6 13. exd6 Nxd6 14. b3 Rd8 15. Bb2 Nf5 16. Qf3 Qxf3 17. Nxf3 Bc5+ 18. Kh1 Ne3 19. Rfe1 Nc2 20. Rad1 Nc6 21. Rxd8+ Rxd8 22. Rc1 N2b4 23. Ba1 Nd3 24. Rf1 Nf2+ 25. Kg2 Ng4 26. Kh1 Nb4 27. Ne4 Nxa2 28. Nxc5 bxc5 29. h3 Ne3 30. Re1 Nf5 31. g4 Nd4 32. Rd1 Kf8 33.
Nxd4 cxd4 34. Rxd4 Ke7 35. Rxd8 Kxd8 36. Bxg7 Kc7 37.
Bd4 a6 38. Kg2 Kc6 39. Kf3 Nc1 40. b4 Nb3 41. Bc3 Nc1 42. Ke3 Nb3 43. g5 a5 44.
bxa5 Kc5 45. a6 Kb6 46. c5+ Kxa6 47. Bd4 Kb5 48. Ke4 Kc6 49. Ke5 1-0

[Event "Early-Titled-Tuesday-Blitz-February-13-2024"]
[Site "Chess.com"]
[Date "2024.02.13"]
[Round "11"]
[White "vladgoncharov"]
[Black "Szparu"]
[Result "1-0"]
[WhiteElo "2644"]
[BlackElo "2784"]
[TimeControl "180+1"]
[EndTime "10:10:45 PST"]
[Termination "vladgoncharov won on time"]

1. d4 d5 2. c4 e6 3. Nc3 c6 4. e3 f5 5. Nf3 Bd6 6. Bd3 Nd7 7. cxd5 cxd5 8. O-O Ngf6 9. Bd2 O-O 10. Rc1 a6 11.
Na4 Ne4 12. g3 g5 13. b4 b6 14. Be1 Bb7 15. Qb3 Qe8 16. Nd2 g4 17. f3 gxf3 18.
Nxf3 Rf6 19. b5 a5 20. Rc6 Bxc6 21. bxc6 Nf8 22. Bb5 Bc7 23. Ne5 Rh6 24. Qc2 Ng6 25.
Nd7 Ne7 26. Nb2 Rg6 27. Nd3 Nd6 28. a4 Nxb5 29. axb5 Rh6 30. Nf4 Kg7 31. Bc3 Ng6 32. Qe2 Nxf4 33. exf4 Rd8 34. Ne5 Bd6 35. Nf3 Qe7 36.
Re1 Kf7 37. Kf2 Rg6 38. Ba1 Rdg8 39. Ne5+ Bxe5 40. dxe5 Qc5+ 41. Kg2 Rb8 42. Rd1 Rgg8 43. Bd4 Qc4 44. Qh5+ Kg7 45. Qg5+ Kh8 46. Qf6+ Rg7 47. Rd2 a4 48. Qxe6 a3 49. Qd6 Rbg8 50. Qxa3 Qxb5 51. Qc3 Qc4 52. e6 h6 53. Bxg7+ Rxg7 54. Qxc4 dxc4 55. Rd8+ Kh7 56. Rd7 c3 57. c7 c2 58. c8=Q 1-0

[Event "Early-Titled-Tuesday-Blitz-February-13-2024"]
[Site "Chess.com"]
[Date "2024.02.13"]
[Round "11"]
[White "chess123456s"]
[Black "Kopytkin"]
[Result "1-0"]
[WhiteElo "2594"]
[BlackElo "2378"]
[TimeControl "180+1"]
[EndTime "10:10:45 PST"]
[Termination "chess123456s won on time"]

1. d4 Nf6 2. Nc3 g6 3. e4 d5 4.
e5 Ne4 5. Nxe4 dxe4 6. Ne2 Bg7 7. Nc3 c5 8. Be3 cxd4 9. Qxd4 Qxd4 10. Bxd4 Nc6 11.
Bb5 O-O 12. Bxc6 bxc6 13. Nxe4 Bf5 14. Nc5 Bxc2 15. Rc1 Bf5 16. O-O Rfd8 17. Nb3 Be6 18. Bc3 Rab8 19. Nd4 Bd5 20. Rfe1 c5 21. Nf3 Bxf3 22.
gxf3 Rd5 23. f4 Rbd8 24. Re4 e6 25. Ra4 R8d7 26. Kg2 h5 27. Kf3 Rd3+ 28. Ke4 Rh3 29. Rh1 Bf8 30. Rc4 g5 31. fxg5 Rh4+ 32. f4 Rh3 33. Be1 Kh7 34. Bf2 Rd5 35. a3 Kg6 36. Bg3 h4 37. Bf2 Kh5 38. f5 Rb3 39. fxe6 fxe6 40.
Rhc1 Rxb2 41. Bxc5 Bg7 42. Bd6 Kg4 43. Ke3+ Kh3 44.
R1c3 Kxh2 45. Kf4 Rf2+ 46. Kg4 Rg2+ 47. Kxh4 Kg1 48. Rc1+ Kh2 49. R1c2 Bxe5 50. Rxg2+ Kxg2 51. Rg4+ Kf3 52. Bxe5 Rxe5 53. g6 1-0

[Event "Early-Titled-Tuesday-Blitz-February-13-2024"]
[Site "Chess.com"]
[Date "2024.02.13"]
[Round "11"]
[White "Sina_Movahed"]
[Black "KuzubovYuriy"]
[Result "0-1"]
[WhiteElo "3007"]
[BlackElo "2975"]
[TimeControl "180+1"]
[EndTime "10:10:46 PST"]
[Termination "KuzubovYuriy won on time"]

1. e4 e6 2. d4 d5 3. e5 c5 4.
c3 Nc6 5. Nf3 Qb6 6. a3 Bd7 7.
b4 cxd4 8. cxd4 Rc8 9. Be3 a6 10.
Nbd2 Na7 11. Be2 Bb5 12. O-O Ne7 13. Nb3 Nf5 14. Nc5 Be7 15. Rc1 O-O 16. a4 Bxe2 17.
Qxe2 Bxc5 18. bxc5 Qa5 19. Rb1 Qc7 20. g4 Nxe3 21.
fxe3 Nc6 22. g5 Qe7 23. Kh1 Kh8 24. Rf2 f6 25. exf6 gxf6 26. Rg1 fxg5 27. Nxg5 Rxf2 28. Qxf2 Rf8 29. Qg3 Rg8 30. Qf4 Rg7 31. Rg3 h6 32. Nf3 Kh7 33. Rh3 Rg6 34. Nh4 Rf6 35. Qg4 Qg7 36.
Qd1 Qg5 37. Qb1+ Kh8 38. Rg3 Qxh4 39. Qxb7 Qe4+ 40. Kg1 Rg6 41. Qc8+ Kh7 42. Qc7+ Kh8 43. Qc8+ Kg7 44. Qd7+ Kf6 45. Qxc6 Qxe3+ 46. Kg2 Qe4+ 47. Kf1 Rxg3 48. hxg3 Qf3+ 49. Ke1 Qxg3+ 50. Kd2 Qf4+ 51.
Ke2 Qe4+ 52. Kf1 Qd3+ 53. Ke1 Qe3+ 54. Kf1 Qf4+ 55. Ke1 Qxd4 56. Qb6 h5 57. Qd8+ Kf5 58. Qf8+ Ke4 0-1

[Event "Early-Titled-Tuesday-Blitz-February-13-2024"]
[Site "Chess.com"]
[Date "2024.02.13"]
[Round "11"]
[White "scarabee43"]
[Black "chessdjw"]
[Result "1-0"]
[WhiteElo "2874"]
[BlackElo "2745"]
[TimeControl "180+1"]
[EndTime "10:10:46 PST"]
[Termination "scarabee43 won by resignation"]

1. Nf3 d5 2. e3 Nf6 3. c4 e6 4.
Nc3 c5 5. cxd5 exd5 6. d4 Nc6 7. Be2 Bg4 8. O-O Be7 9. b3 O-O 10. dxc5 Bxc5 11. Bb2 a6 12. Rc1 Ba7 13. Rc2 Qe7 14. Rd2 Be6 15. Qa1 Rfd8 16. Rfd1 h6 17. h3 Rac8 18. Bf1 Qc7 19. Ne2 Ne4 20. Rc2 f6 21.
Nfd4 Bf7 22. Rdc1 Bb8 23. g3 Qd7 24. Bg2 Bh5 25. Nf4 Bf7 26. Nd3 Ba7 27. Nxc6 bxc6 28.
Bd4 c5 29. Nxc5 Nxc5 30. Bxc5 Bxc5 31. Rxc5 Rxc5 32. Rxc5 d4 33. Qxd4 Qxd4 34. exd4 Rxd4 35. Ra5 Rd1+ 36. Bf1 Bg6 37. Kg2 Be4+ 38. f3 Rd2+ 39. Kg1 Bxf3 40. Rxa6 h5 41. b4 Bd5 42. Rd6 Kf8 43.
a4 Ke7 44. Rb6 Ra2 45. a5 g5 46. Rb5 Be4 47. Rc5 Ra3 48. a6 Rxg3+ 49. Kf2 Rf3+ 50.
Ke1 Ra3 51. b5 g4 52. hxg4 hxg4 53. b6 Ra1+ 54. Kf2 g3+ 55. Kxg3 Rxf1 56. Rb5 Rf3+ 57. Kg4 f5+ 58. Kg5 Rg3+ 59. Kf4 Ra3 60. b7 Rxa6 61. b8=Q Re6 62. Re5 Kf6 63. Qf8+ Kg6 64. Rxe6+ 1-0

[Event "Early-Titled-Tuesday-Blitz-February-13-2024"]
[Site "Chess.com"]
[Date "2024.02.13"]
[Round "11"]
[White "FARIZA2018"]
[Black "GaiozNigalidze"]
[Result "1-0"]
[WhiteElo "2547"]
[BlackElo "2666"]
[TimeControl "180+1"]
[EndTime "10:10:51 PST"]
[Termination "FARIZA2018 won on time"]

1. e4 c5 2. Nf3 d6 3. d4 cxd4 4. Nxd4 Nf6 5. Nc3 a6 6. f4 Nbd7 7. Bd3 e5 8. Nf3 Qc7 9. a4 b6 10. O-O Bb7 11. Kh1 Be7 12. Qe1 O-O 13. Be3 exf4 14.
Bxf4 Ne5 15. Rd1 Rfe8 16. Qf2 Rad8 17. h3 Bc6 18. Nd4 Nxd3 19. cxd3 Bd7 20. Bg5 Be6 21. Nf5 Bxf5 22. Qxf5 Qc5 23. Qf4 Qe5 24. Qh4 h6 25.
Bxf6 Bxf6 26. Qf2 Qc5 27. d4 Qg5 28. Qf3 Rd7 29. Nd5 Bd8 30. Qd3 a5 31. Rf5 Qg6 32.
Rdf1 Qe6 33. Nc3 Rc7 34. Qf3 Rd7 35. e5 Rf8 36. d5 Qg6 37. e6 Re7 38. Ne4 Bc7 39. Rf4 f5 40. Rxf5 Rxf5 41. Qxf5 Qxf5 42. Rxf5 Bb8 43. g4 Rc7 44. Rf2 Rc1+ 45. Kg2 Re1 46.
Nc3 Re5 47. Kg3 Bc7 48. Nb5 Bd8 49. Rd2 Be7 50. Nc3 Bg5 51. Re2 1-0

[Event "Early-Titled-Tuesday-Blitz-February-13-2024"]
[Site "Chess.com"]
[Date "2024.02.13"]
[Round "11"]
[White "BogdanDeac"]
[Black "Zohid6"]
[Result "1-0"]
[WhiteElo "2996"]
[BlackElo "2834"]
[TimeControl "180+1"]
[EndTime "10:10:53 PST"]
[Termination "BogdanDeac won by resignation"]

1. b3 e5 2. Bb2 Nc6 3. Nf3 e4 4. Nd4 Nxd4 5. Bxd4 d5 6. e3 h5 7. Bb2 h4 8. c4 Nf6 9. Qc2 c6 10. cxd5 cxd5 11. Nc3 Bb4 12. Bb5+ Kf8 13. a3 Bd6 14. h3 Bf5 15. Be2 Rc8 16. b4 a5 17. Qb3 axb4 18.
axb4 Be5 19. Nb5 Bxb2 20. Qxb2 Qb6 21. O-O Bd7 22. Qd4 Qxd4 23. Nxd4 Ke7 24. Ra7 Rc7 25. b5 Rb8 26. Rb1 Ne8 27. b6 Rc5 28. Nb3 Rc2 29. Bd1 Rcc8 30. Na5 Nd6 31. Bb3 Be6 32. Bd1 g5 33. f3 f5 34. Kf2 f4 35. fxe4 dxe4 36. Bb3 Bxb3 37. Nxb3 Rc2 38. Kg1 Nc4 39. Nd4 Rxd2 40. Nc6+ Kf6 41. Nxb8 fxe3 42. Rxb7 e2 43. Re1 e3 44. Rd7 Ne5 45. b7 Kg6 46. Rc7 Rd1 47. Rc1 Rxc1 48. Rxc1 Nd3 49. Rb1 e1=Q+ 50. Rxe1 Nxe1 51.
Kf1 Nd3 52. Nc6 Nf4 53. b8=Q e2+ 54. Ke1 Nxg2+ 55. Kxe2 Nf4+ 56. Kf3 1-0

[Event "Early-Titled-Tuesday-Blitz-February-13-2024"]
[Site "Chess.com"]
[Date "2024.02.13"]
[Round "11"]
[White "saraswathii"]
[Black "GlavkonVVS"]
[Result "0-1"]
[WhiteElo "2361"]
[BlackElo "2564"]
[TimeControl "180+1"]
[EndTime "10:10:53 PST"]
[Termination "GlavkonVVS won by checkmate"]

1. e4 Nf6 2. d3 d5 3. e5 Nfd7 4. d4 e6 5. c3 c5 6. Be3 g5 7. Nf3 g4 8. Nfd2 Qb6 9. Qb3 Nc6 10. Bb5 cxd4 11. Bxc6 bxc6 12. cxd4 Ba6 13. Nc3 Rb8 14.
Na4 Qa5 15. Qc2 Qb5 16. O-O-O c5 17. Kb1 cxd4 18. Bxd4 Bb4 19. Nc3 Qa5 20. Nb3 Qd8 21.
h3 g3 22. fxg3 Bc4 23. Nd2 Rc8 24. Nxc4 Rxc4 25. Qb3 Qa5 26. a3 Bc5 27. Nb5 O-O 28.
Nd6 Rxd4 29. Nb7 Rxd1+ 30. Rxd1 Qb6 31. Nxc5 Nxc5 32. Qe3 Rb8 33. Qg5+ Kf8 34. Rd2 Ne4 35. Qh6+ Ke8 36. Rc2 Nc3+ 37. Kc1 Qg1+ 38. Kd2 Ne4+ 39. Ke2 Qxg2+ 40. Kd3 Qf3+ 41. Kd4 Qb3 42. Rc7 Qb6+ 43. Kd3 Qxc7 44. Qxh7 Rb3+ 45. Ke2 Qc2+ 46. Ke1 Re3+ 47. Kf1 Qf2# 0-1

[Event "Early-Titled-Tuesday-Blitz-February-13-2024"]
[Site "Chess.com"]
[Date "2024.02.13"]
[Round "11"]
[White "rezamahdavi2008"]
[Black "ama18"]
[Result "1/2-1/2"]
[WhiteElo "2844"]
[BlackElo "2618"]
[TimeControl "180+1"]
[EndTime "10:10:55 PST"]
[Termination "Game drawn by repetition"]

1. e4 c5 2. Nf3 d6 3. d4 cxd4 4.
Nxd4 Nf6 5. Nc3 a6 6. Bc4 e6 7.
Be3 Nbd7 8. f3 Nc5 9. Qd2 b5 10. Bb3 Bd7 11. g4 Be7 12. h4 Rc8 13. a3 Nxb3 14. cxb3 Qc7 15. b4 Qb7 16. Nb3 Rc7 17. O-O-O O-O 18. h5 Rfc8 19. g5 Ne8 20. g6 Nf6 21. h6 fxg6 22. hxg7 e5 23. Kb1 Be6 24. Na5 Qb8 25. Bg5 Rd7 26. Rc1 Bd8 27. Bxf6 Bxf6 28.
Nd5 Bxd5 29. Qxd5+ Kxg7 30. Nc6 Qb7 31. Rc2 Rdc7 32.
Rhc1 Bg5 33. Nxe5 Qa7 34. Rxc7+ Rxc7 35. Rxc7+ Qxc7 36. Nd3 Bf6 37. f4 h5 38. e5 dxe5 39. fxe5 Be7 40. Nf4 Kh6 41. Qf7 Qc6 42. Qxe7 Qe4+ 43.
Ka2 Qxf4 44. e6 Qc4+ 45. Kb1 Qd3+ 46. Kc1 Qc4+ 47. Kd2 Qd4+ 48. Kc2 Qc4+ 49. Kb1 Qd3+ 50. Kc1 Qc4+ 51. Kd1 Qd4+ 52. Ke2 Qe4+ 53. Kf2 Qf4+ 54.
Kg2 Qg4+ 55. Kh2 Qf4+ 56. Kg1 Qg3+ 57. Kf1 Qf3+ 58. Ke1 Qe3+ 59. Kd1 Qd3+ 60. Kc1 1/2-1/2

[Event "Early-Titled-Tuesday-Blitz-February-13-2024"]
[Site "Chess.com"]
[Date "2024.02.13"]
[Round "11"]
[White "masterofpuppets2"]
[Black "Semetey"]
[Result "1-0"]
[WhiteElo "2481"]
[BlackElo "2625"]
[TimeControl "180+1"]
[EndTime "10:10:56 PST"]
[Termination "masterofpuppets2 won by checkmate"]

1. d4 d5 2. c4 e6 3. Nf3 Nf6 4. g3 Bb4+ 5. Nbd2 O-O 6. Bg2 dxc4 7. O-O c5 8. Nxc4 Nc6 9. a3 Ba5 10. dxc5 Qe7 11. b4 Bc7 12. Bb2 Rd8 13. Qc2 e5 14. Rfd1 Bg4 15. h3 Bh5 16. Rxd8+ Rxd8 17. Rd1 Rxd1+ 18. Qxd1 e4 19. Nh4 Qe6 20. Ne3 Ne5 21. Nhf5 h6 22. Nd6 b6 23. Bxe5 Qxe5 24. Ndc4 Qc3 25.
cxb6 axb6 26. Qa4 Bxe2 27. Qa8+ Kh7 28. Bxe4+ g6 29. Qc6 Bxg3 30. fxg3 Bxc4 31. Nxc4 Qxg3+ 32. Bg2 Nh5 33. Qf3 Qe1+ 34. Kh2 Nf4 35. Qxf4 Qe6 36.
Ne5 f6 37. Nf3 g5 38. Qd4 h5 39. Qd3+ Kh6 40. Kg1 g4 41. Nd4 Qe1+ 42. Kh2 Qe5+ 43. Kg1 Qe1+ 44. Bf1 g3 45. Qe2 Qc3 46. Nf3 h4 47. Kg2 Kg6 48. Qe4+ Kg7 49. Qb7+ Kg6 50. Qe4+ Kg7 51. Qg4+ Kf8 52. Be2 Qc1 53. Qe4 Qb2 54. Qa8+ Kf7 55. Qe4 Qxa3 56. Nxh4 Qb3 57. Qb7+ Kf8 58.
Nf5 Kg8 59. Qg7# 1-0

[Event "Early-Titled-Tuesday-Blitz-February-13-2024"]
[Site "Chess.com"]
[Date "2024.02.13"]
[Round "11"]
[White "Licancabur"]
[Black "dealshark"]
[Result "0-1"]
[WhiteElo "2423"]
[BlackElo "2378"]
[TimeControl "180+1"]
[EndTime "10:10:57 PST"]
[Termination "dealshark won on time"]

1. d4 Nf6 2. Bg5 d5 3. e3 Bf5 4. Nf3 e6 5. Nbd2 Be7 6. Be2 O-O 7. O-O Nbd7 8. h3 h6 9. Bf4 c5 10. c4 Rc8 11. Rc1 Bh7 12. a3 cxd4 13. exd4 dxc4 14.
Nxc4 Nd5 15. Bg3 N7f6 16. Re1 a6 17. Bd3 Bxd3 18. Qxd3 b5 19. Nce5 Qb6 20. Nd2 a5 21.
Nb3 Rfd8 22. Rxc8 Rxc8 23. Qd2 b4 24. a4 Qa6 25. Nd3 Nd7 26. Kh1 Bf6 27. Ndc5 Nxc5 28.
Nxc5 Qa7 29. Kg1 Be7 30. Ne4 Rc6 31. Be5 Qa6 32. Qd1 Qc8 33. Qg4 g6 34. h4 h5 35. Qg3 Kh7 36. Qd3 Rc1 37. Qd2 Rxe1+ 38. Qxe1 Qc2 39. Qd2 Qxd2 40. Nxd2 f6 41. Bg3 g5 42.
Nb3 f5 43. hxg5 Bxg5 44. Bd6 Bc1 45. Nxa5 Bxb2 46. Nb3 Bc3 47. a5 Kg6 48. a6 Nb6 49.
a7 Na8 50. Na5 Bxd4 51. Bxb4 Bxa7 52. Nc6 Bb6 53. Ne5+ Kf6 0-1

[Event "Early-Titled-Tuesday-Blitz-February-13-2024"]
[Site "Chess.com"]
[Date "2024.02.13"]
[Round "11"]
[White "Oleksandr_Bortnyk"]
[Black "Matibar"]
[Result "1-0"]
[WhiteElo "3046"]
[BlackElo "2765"]
[TimeControl "180+1"]
[EndTime "10:10:58 PST"]
[Termination "Oleksandr_Bortnyk won on time"]

1. e4 e5 2. Bc4 Nf6 3. d3 Bc5 4. Nc3 c6 5. Nf3 d6 6. Be3 Bxe3 7. fxe3 O-O 8. O-O Be6 9. Bb3 Nbd7 10. d4 Bxb3 11. axb3 Qe7 12. Qd3 a6 13. Rad1 Rad8 14. Nh4 g6 15. Nf3 Nh5 16. Qc4 Ndf6 17. Qb4 exd4 18. exd4 Nxe4 19. Rde1 f5 20. d5 c5 21. Qb6 Rde8 22. Nd2 Qe5 23. Nf3 Qf6 24. Qxb7 Nxc3 25. bxc3 Qxc3 26. Rxe8 Rxe8 27. Qd7 Qe3+ 28. Kh1 Qe2 29.
Rg1 Qe7 30. Qa4 Nf6 31. Qxa6 Ng4 32. h3 Nf2+ 33. Kh2 Ne4 34. Ra1 Qf6 35. Qb5 Re7 36. Ra8+ Kg7 37. Qb8 Kh6 38. h4 Kh5 39. Qf8 Qxf8 40. Rxf8 h6 41. Kh3 Nf2+ 42. Kg3 Ng4 43. Rd8 Re2 44. Rxd6 Rxc2 45. Rc6 Ne3 46. d6 Nxg2 47.
d7 f4+ 48. Kh3 g5 49. hxg5 hxg5 50. Nxg5 Rc3+ 51. Kxg2 Rd3 52. Ne6 Rxd7 53. Rxc5+ Kg4 54. Rg5+ Kh4 55. Rf5 Rd2+ 56. Kf1 Rd3 57. Rxf4+ Kg3 58. Rb4 Kf3 59. Ng5+ Ke3 60. Ke1 Rc3 61. Kd1 Kd3 62.
Ne4 Rc8 63. Nd2 Kc3 64. Rc4+ Rxc4 65. bxc4 1-0

[Event "Early-Titled-Tuesday-Blitz-February-13-2024"]
[Site "Chess.com"]
[Date "2024.02.13"]
[Round "11"]
[White "Manukyan_Artak"]
[Black "BallottiLuca"]
[Result "1/2-1/2"]
[WhiteElo "2532"]
[BlackElo "2402"]
[TimeControl "180+1"]
[EndTime "10:10:58 PST"]
[Termination "Game drawn by stalemate"]

1. e4 c5 2. Nf3 Nc6 3. c3 d5 4. exd5 Qxd5 5. d4 Bg4 6. Be2 cxd4 7. cxd4 e6 8. Nc3 Qa5 9. h3 Bh5 10. O-O Nf6 11. Qb3 Qb4 12. Nb5 Rc8 13. Rd1 Qxb3 14. axb3 a6 15. Nc3 Be7 16. d5 Nxd5 17. Nxd5 exd5 18. Rxd5 Bg6 19. Bf4 O-O 20. Rd7 Be4 21.
Bc4 Bf6 22. Re1 Bxf3 23. gxf3 b5 24. Bd5 Nd4 25. Bd6 Rfd8 26. Bxf7+ Kh8 27. Rxd8+ Rxd8 28. Kg2 g6 29. Be7 Bxe7 30. Rxe7 Kg7 31. Bd5+ Kh6 32.
Re5 Nf5 33. f4 Nh4+ 34. Kg3 Nf5+ 35. Kg4 Rc8 36. Be6 Rc2 37. Bxf5 gxf5+ 38. Kxf5 Rxf2 39. Re6+ Kg7 40. Rxa6 Rxb2 41. Kg5 Rxb3 42. Ra7+ Kg8 43. Kf6 h5 44. h4 Re3 45. Rg7+ Kh8 46. Rb7 Kg8 47.
Rxb5 Re4 48. Kg5 Ra4 49. f5 Kf7 50. Rb7+ Kf8 51. Kxh5 Ra6 52. Kg5 Rc6 53. h5 Kg8 54.
h6 Kh8 55. Re7 Ra6 56. Re6 Ra5 57. Kg6 Ra8 58. f6 Rg8+ 59. Kh5 Rf8 60. Re7 Rg8 61. Rg7 Rf8 62. Kg6 Rxf6+ 63. Kg5 Rxh6 64. Kxh6 1/2-1/2

[Event "Early-Titled-Tuesday-Blitz-February-13-2024"]
[Site "Chess.com"]
[Date "2024.02.13"]
[Round "11"]
[White "N4700000"]
[Black "Keeper0416"]
[Result "1-0"]
[WhiteElo "2481"]
[BlackElo "2573"]
[TimeControl "180+1"]
[EndTime "10:11:02 PST"]
[Termination "N4700000 won by checkmate"]

1. e4 a6 2. Nf3 e6 3. d4 b5 4.
Bd3 Bb7 5. O-O c5 6. c3 Qc7 7.
Re1 h6 8. a4 cxd4 9. cxd4 b4 10. Nbd2 Nf6 11. e5 Nd5 12. Nc4 Be7 13. Nfd2 Nb6 14.
Qg4 Nc6 15. Nxb6 Qxb6 16. Nc4 Qxd4 17. Qe2 d5 18. exd6 Bxd6 19. Be3 Qd5 20. Be4 Bxh2+ 21. Kxh2 Qd7 22. Kg1 Rd8 23. Rad1 Qe7 24. Rxd8+ Nxd8 25. Bxb7 Nxb7 26. Rd1 O-O 27. Qf3 Nc5 28. Bxc5 Qxc5 29. b3 e5 30. Qe3 Qxe3 31. fxe3 f6 32. Rd6 Kf7 33. Rxa6 Rd8 34. Rd6 Rxd6 35. Nxd6+ Ke6 36. Nc4 Kd5 37. Kf2 f5 38. Ke2 e4 39. Nd2 g5 40.
Nf1 f4 41. Nh2 h5 42. Nf1 Ke5 43. Nd2 Kd5 44. Nc4 h4 45. Nd2 Ke5 46. Nf1 Kd5 47. Nh2 Ke5 48. Ng4+ Kd5 49. Nf2 Ke5 50. Nh3 f3+ 51. gxf3 exf3+ 52. Kxf3 Kf5 53. Nxg5 Kxg5 54. a5 h3 55. Kg3 Kf5 56. a6 Ke4 57. a7 Kxe3 58.
a8=Q Kd3 59. Qc6 Kd2 60. Qc4 h2 61. Kxh2 Ke3 62. Kg3 Kd2 63. Kf3 Ke1 64. Ke3 Kd1 65. Qc5 Ke1 66. Qc1# 1-0

[Event "Early-Titled-Tuesday-Blitz-February-13-2024"]
[Site "Chess.com"]
[Date "2024.02.13"]
[Round "11"]
[White "Msb2"]
[Black "Polish_fighter3000"]
[Result "0-1"]
[WhiteElo "3009"]
[BlackElo "3078"]
[TimeControl "180+1"]
[EndTime "10:11:03 PST"]
[Termination "Polish_fighter3000 won by checkmate"]

1. d4 Nf6 2. c4 e6 3. Nc3 Bb4 4. e3 O-O 5. Bd2 d6 6. Bd3 e5 7.
Nge2 Re8 8. O-O c6 9. Qc2 Ba5 10. Ng3 Nbd7 11. a3 Bc7 12. Rae1 h5 13. f4 Nf8 14. Nge4 Nxe4 15. Bxe4 exd4 16. exd4 Bb6 17. Be3 f5 18. Bxf5 Rxe3 19. Rxe3 Bxd4 20. Nd1 Qf6 21. Bxc8 Rxc8 22. Kh1 Bxe3 23. Nxe3 Re8 24. Qd2 Ne6 25. Qxd6 Nxf4 26. Qxf6 gxf6 27. Rxf4 Rxe3 28.
Kg1 Kg7 29. Rd4 Rb3 30. Rd2 Kg6 31. Kf2 h4 32. Ke1 a5 33. Kd1 a4 34. Kc2 Re3 35.
Rf2 f5 36. Kd2 Rb3 37. Kc2 Kg5 38. Re2 f4 39. Re7 h3 40. gxh3 Rxh3 41. Rxb7 Kg4 42.
Rc7 f3 43. Kd3 Rxh2 44. Rxc6 Rxb2 45. Rg6+ Kf4 46. Rf6+ Kg3 47. Rg6+ Kf2 48. c5 Rb3+ 49. Kd2 Rxa3 50. c6 Ra2+ 51. Kd3 Ra3+ 52. Kd2 Re3 53. c7 Re8 54. Rc6 Rc8 55. Kd3 a3 56. Ke4 a2 57.
Ra6 Rxc7 58. Rxa2+ Kg3 59. Ra8 Re7+ 60. Kd3 f2 61. Rg8+ Kf3 62. Rf8+ Kg2 63. Kd2 f1=Q 64. Rg8+ Kf2 65. Rh8 Qe2+ 66. Kc3 Qe5+ 67. Kb4 Qxh8 68. Kc5 Qd8 69. Kb5 Rc7 70. Kb4 Qb8+ 71. Ka4 Ra7# 0-1

[Event "Early-Titled-Tuesday-Blitz-February-13-2024"]
[Site "Chess.com"]
[Date "2024.02.13"]
[Round "11"]
[White "SpeedofLight0"]
[Black "Alexander_Donchenko"]
[Result "0-1"]
[WhiteElo "3048"]
[BlackElo "2936"]
[TimeControl "180+1"]
[EndTime "10:11:03 PST"]
[Termination "Alexander_Donchenko won on time"]

1. d4 Nf6 2. Nc3 d5 3. Bf4 c5 4. e3 cxd4 5. exd4 Nc6 6. Nb5 e5 7. dxe5 a6 8. Nd4 Ne4 9. Ngf3 Bb4+ 10. c3 Nxc3 11. bxc3 Bxc3+ 12. Bd2 Bxd4 13. Nxd4 Nxd4 14. Bd3 O-O 15. Qh5 g6 16. Qh6 Bf5 17. Bxf5 Nxf5 18. Qf4 Re8 19. O-O Qh4 20. Rab1 Qxf4 21. Bxf4 b5 22. Rfd1 Red8 23. Bg5 Rd7 24. Rbc1 h6 25. Bf6 Ng7 26. Rc5 d4 27. Rdc1 Ne8 28. Rc8 Rxc8 29.
Rxc8 Kf8 30. Kf1 d3 31. Ke1 Rc7 32. Ra8 Rc1+ 33. Kd2 Rc2+ 34. Kxd3 Rxa2 35. Bh4 g5 36. Bg3 Ke7 37. f4 Ng7 38. Ke4 gxf4 39. Bxf4 Ne6 40.
Bxh6 Rxg2 41. Ra7+ Ke8 42. Be3 Rxh2 43. Rxa6 Rh4+ 44. Kf5 Rh3 45. Ke4 Rh4+ 46. Kf5 Rc4 47. Rb6 Nc7 48. Bg5 Kd7 49. Rf6 Ke8 50. Rb6 b4 51. Bd2 Nd5 52. Rb5 Rd4 53. Bg5 Kd7 54.
Rb7+ Kc6 55. Rxf7 b3 56. Bc1 Rc4 57. Ba3 Ra4 58. Bc1 Ra1 59. Bb2 Ra2 60. Bc1 Rc2 61.
Ba3 Ne3+ 62. Ke4 Nc4 63. Rf6+ Kb5 64. Be7 b2 65. Rf1 Rc1 66. Rf8 b1=Q+ 67. Kd5 Qd3+ 68.
Ke6 Re1 69. Bf6 Nxe5 0-1

[Event "Early-Titled-Tuesday-Blitz-February-13-2024"]
[Site "Chess.com"]
[Date "2024.02.13"]
[Round "11"]
[White "Kunalm64"]
[Black "RaugintaBulba"]
[Result "0-1"]
[WhiteElo "2502"]
[BlackElo "2440"]
[TimeControl "180+1"]
[EndTime "10:11:03 PST"]
[Termination "RaugintaBulba won by resignation"]

1. e4 d5 2. exd5 Qxd5 3. Nc3 Qa5 4. d4 Nf6 5. Nf3 c6 6. Bc4 Bg4 7. h3 Bh5 8. g4 Bg6 9. Ne5 Nbd7 10. Nxg6 hxg6 11.
Bd2 Qb6 12. Qe2 Qxd4 13. O-O-O Qe5 14. Qf3 Qc5 15. Bb3 e6 16. Be3 Qa5 17. Rhe1 Bb4 18. Bd4 O-O 19. a3 Bc5 20. Bxf6 Nxf6 21. Ne4 Nxe4 22.
Rxe4 Rfd8 23. Ree1 Qb6 24. Rf1 Rxd1+ 25. Qxd1 Bxf2 26.
Kb1 Bd4 27. Ka2 a5 28. c3 Bf6 29. g5 Bxg5 30. h4 Rd8 31. Qg4 Bf6 32. h5 a4 33. Qxa4 gxh5 34. Qe4 Rd2 35. Qf4 Qd8 36. Rg1 Bxc3 37. Rb1 Qf6 38. Qe4 Bxb2 39. Bc2 g6 40.
Rxb2 Qc3 41. Qb4 Rxc2 42. Qxb7 Rxb2+ 43. Qxb2 Qxb2+ 44. Kxb2 h4 45. a4 h3 46. a5 h2 47.
a6 h1=Q 48. a7 Qh2+ 49. Kb3 Qg3+ 50. Kb4 Qe1+ 51. Kc5 Qf2+ 52. Kxc6 Qxa7 53. Kd6 g5 54. Ke5 Kg7 55. Ke4 Qc5 56. Kf3 Qf5+ 57. Kg3 Qf4+ 58. Kh3 g4+ 59. Kh4 g3+ 60. Kh5 Qf5+ 61. Kh4 g2 62. Kg3 g1=Q+ 63. Kh4 Qa7 64. Kg3 e5 65. Kh4 e4 0-1

[Event "Early-Titled-Tuesday-Blitz-February-13-2024"]
[Site "Chess.com"]
[Date "2024.02.13"]
[Round "11"]
[White "HeroWilczek"]
[Black "UK_23"]
[Result "1/2-1/2"]
[WhiteElo "2478"]
[BlackElo "2372"]
[TimeControl "180+1"]
[EndTime "10:11:03 PST"]
[Termination "Game drawn - insufficient material"]

1. e4 e5 2. Nf3 Nf6 3. Nc3 Bb4 4.
Bc4 O-O 5. d3 Re8 6. O-O c6 7.
Bg5 h6 8. Bh4 a5 9. a3 Bf8 10. Ba2 d6 11. Re1 Be6 12. Bxe6 Rxe6 13. d4 Nbd7 14. Qd2 Qc7 15. Rad1 Ree8 16. a4 g6 17. h3 Bg7 18. dxe5 dxe5 19. Qd6 Qxd6 20. Rxd6 g5 21. Bg3 Bf8 22. Rd3 Nc5 23. Rd2 Nfd7 24.
Red1 Re7 25. h4 f6 26. b3 Kf7 27. Ne1 Nb6 28. f3 Rd7 29. Bf2 Rxd2 30. Rxd2 Ncd7 31. Nd3 Ke6 32. Ne2 Nc8 33. hxg5 hxg5 34. Ng3 Ne7 35.
Nc5+ Nxc5 36. Bxc5 Ng6 37. Bxf8 Rxf8 38. Nf5 Rb8 39.
Rd6+ Kf7 40. Rd7+ Kf8 41. g3 Nh8 42. Nd6 b5 43. Rb7 Rxb7 44. Nxb7 bxa4 45. bxa4 Ke7 46. Nxa5 Kd6 47. Nb3 Nf7 48. Kf2 Nd8 49. Ke3 Nb7 50. Kd3 c5 51. Kc4 Kc6 52. a5 Nd8 53. Nxc5 Nf7 54. Nd3 Nd6+ 55. Kb4 g4 56. fxg4 Nxe4 57.
c4 Nxg3 58. a6 Kb6 59. Nc5 e4 60. Ne6 e3 61. Nd4 Kxa6 62. Kc3 Kb6 63. Kd3 Kc5 64. Kxe3 Nf1+ 65. Kf4 Kxd4 66. Kf5 Ne3+ 67. Kxf6 Nxg4+ 68. Kf5 Kxc4 1/2-1/2

[Event "Early-Titled-Tuesday-Blitz-February-13-2024"]
[Site "Chess.com"]
[Date "2024.02.13"]
[Round "11"]
[White "OhanyanEminChess"]
[Black "jcibarra"]
[Result "1-0"]
[WhiteElo "2827"]
[BlackElo "2937"]
[TimeControl "180+1"]
[EndTime "10:11:04 PST"]
[Termination "OhanyanEminChess won on time"]

1. e4 c5 2. Nf3 Nc6 3. d4 cxd4 4.
Nxd4 e5 5. Nb5 d6 6. N1c3 a6 7. Na3 Be6 8. Nc4 Rb8 9. Ne3 Nf6 10. Bd3 g6 11. O-O Bh6 12. Ncd5 O-O 13. Nxf6+ Qxf6 14. Ng4 Bxg4 15. Qxg4 Bxc1 16. Raxc1 h5 17. Qe2 b5 18. c3 Kg7 19. Rcd1 Rb6 20. Bc2 b4 21. Ba4 bxc3 22. bxc3 Rc8 23. Rb1 Rxb1 24. Rxb1 Nd8 25.
Qxa6 Rxc3 26. Bb3 Nc6 27. Qe2 Nd4 28. Qd2 h4 29. Kf1 Rc7 30. h3 Qd8 31. Rc1 Rb7 32.
Bd5 Ra7 33. Qb4 Qg5 34. Rd1 Rc7 35. Bb3 Rc1 36. Qe1 Rc5 37. Qe3 Qe7 38. Kg1 Qc7 39. Kh2 Rc3 40. Qg5 Nxb3 41. axb3 Rxb3 42. Qxh4 Rb2 43.
Qg3 Qc5 44. f3 Rb8 45. Rd5 Qa7 46. Rxd6 Qe7 47. Rd5 Re8 48. Qg4 Qf6 49. Qg3 Re7 50.
Kg1 Re6 51. Qf2 Rc6 52. Kh2 Re6 53. Kh1 Qe7 54. Qd2 Qc7 55. Kh2 Qe7 56. Rd7 Qf6 57. Kg3 Rb6 58. h4 Rb8 59. Rd6 Qe7 60. Rd5 Rh8 61. Qg5 f6 62. Qg4 Qf7 63. Rd7 Rf8 64. Rxf7+ Rxf7 65. h5 1-0